 Dungeon Crawl Stone Soup version 0.19-a0-1097-g38e3b35 (webtiles) character file.

10257 Ladykiller69 the Cleaver (level 11, -1/81 HPs)
             Began as a Formicid Fighter on Aug 8, 2016.
             Killed from afar by a deep elf mage (29 damage)
             ... with a bolt of magma
             ... on level 13 of the Dungeon.
             The game lasted 01:00:09 (11074 turns).

Ladykiller69 the Cleaver (Formicid Fighter)        Turns: 11074, Time: 01:00:10

Health: -1/81      AC: 16    Str: 24    XL:     11   Next: 89%
Magic:  11/11      EV:  8    Int:  8    God:
Gold:   539        SH: 12    Dex: 14    Spells: 0 memorised, 10 levels left

rFire  . . .     SeeInvis +     a - +1 war axe
rCold  . . .     Gourm    .     S - +0 plate armour
rNeg   . . .     Faith    .     c - +0 shield
rPois  .         Spirit   .     (helmet unavailable)
rElec  .         Dismiss  .     M - +0 cloak
rCorr  .         Reflect  .     G - +1 pair of gloves
SustAt .         Harm     .     (no boots)
MR     +....                    (no amulet)
Stlth  ..........               Q - +4 ring of dexterity
                                (no ring)

@: lethally poisoned (-1 -> -2)
A: permanent stasis, dig shafts and tunnels, four strong arms, antennae 3
a: Dig, Shaft Self


You were on level 13 of the Dungeon.
You were not hungry.

You visited 2 branches of the dungeon, and saw 16 of its levels.

You collected 704 gold pieces.
You spent 165 gold pieces at shops.

Inventory:

Hand Weapons
 a - a +1 war axe (weapon)
Missiles
 y - a throwing net
 F - 12 tomahawks (quivered)
 O - 3 javelins
Armour
 c - a +0 shield (worn)
 o - a +0 chain mail
 G - a +1 pair of gloves (worn)
 M - a +0 cloak (worn)
 S - a +0 plate armour (worn)
Jewellery
 b - an uncursed ring of wizardry
 i - an uncursed ring of ice
 s - an uncursed ring of magical power
 z - the ring "Cunolen" {rElec rPois MP+9 Str+6}
   (You found it on level 4 of the Dungeon)

   [ring of magical power]

   It affects your strength (+6).
   It insulates you from electricity.
   It protects you from poison.
   It affects your magic capacity (+9).
 E - an uncursed amulet of faith
 I - an uncursed ring of poison resistance
 K - an uncursed ring of positive energy
 N - an uncursed ring of sustain attributes
 Q - a +4 ring of dexterity (right hand)
Wands
 X - a wand of lightning (7/15)
Scrolls
 e - a scroll of recharging
 g - 6 scrolls of identify
 j - 2 scrolls of noise
 k - a scroll of immolation
 u - 2 scrolls of enchant armour
 v - 3 scrolls of teleportation
 w - 2 scrolls of remove curse
 A - 7 scrolls of amnesia {unknown}
 C - a scroll of vulnerability {unknown}
 J - a scroll of enchant weapon
 W - a scroll of blinking {unknown}
 Y - a scroll of fear {unknown}
Potions
 d - 2 potions of might
 h - a potion of haste
 l - 5 potions of degeneration {unknown}
 m - a potion of experience {unknown}
 q - 5 potions of heal wounds {unknown}
 t - 2 potions of magic {unknown}
 x - 3 potions of lignification {unknown}
 D - 2 potions of agility {unknown}
 L - 2 potions of flight {unknown}
 P - a potion of mutation {unknown}
 R - a potion of resistance {unknown}
 V - 2 potions of brilliance {unknown}
 Z - 2 potions of berserk rage {unknown}
Books
 B - a book of Alchemy

   Spells                             Type                      Level
   a - Sublimation of Blood           Necromancy                   2
   b - Ignite Poison                  Fire/Transmutation/Poison    3
   c - Petrify                        Transmutation/Earth          4
   d - Alistair's Intoxication        Transmutation/Poison         5
   e - Irradiate                      Conjuration/Transmutation    5
 H - an Akashic Record

   Spells                             Type                      Level
   a - Dispersal                      Translocation                6
   b - Malign Gateway                 Summoning/Translocation      7
   c - Disjunction                    Translocation                8
   d - Controlled Blink               Translocation                8
Miscellaneous
 n - a box of beasts
 r - a crystal ball of energy
Comestibles
 f - 7 bread rations
 p - 5 meat rations
 T - 26 fruits


   Skills:
 + Level 6.2 Fighting
 + Level 14.3 Axes
 + Level 6.0 Armour
 + Level 2.7 Dodging
 - Level 9.0 Shields


You had 10 spell levels left.
You didn't know any spells.

Dungeon Overview and Level Annotations

Branches:
Dungeon (15/15)            Temple (1/1) D:6
   Lair: D:8-11         Orc: D:9-12      Vaults: D:13-14     Depths: D:15

Altars:
Ashenzari
Dithmenos
Elyvilon
Fedhas
Gozag
Hepliaklqana
Kikubaaqudgha
Makhleb
Nemelex Xobeh
Okawaru
Pakellas
Qazlal
Ru
Sif Muna
Trog
Uskayaw
Vehumet
Xom
Yredelemnul
Zin
The Shining One

Shops:
D:4 *:   D:7 *

Annotations:
D:12 JustSomeDude's ghost, journeyman DsFi
D:15 Louise


Innate Abilities, Weirdness & Mutations

You are under a permanent stasis effect.
You can dig through walls and to a lower floor.
Your four strong arms can wield two-handed weapons with a shield.
You have a pair of large antennae on your head. (SInv)


Message History

You feel sick.
A deep elf mage comes into view. It is wielding a rapier.
You feel sick.
The deep elf mage shouts!
Found a curved runed staff.
You slash the deep elf mage!
The deep elf mage is moderately wounded.
The deep elf mage mumbles some strange words.
The deep elf mage blinks!
You extend your mandibles.
You dig through the rock wall.
You feel sick.
You dig through the rock wall.
You dig through the rock wall.
You feel sick.
You start resting.
You feel sick.
You retract your mandibles.
You barely miss the deep elf mage.
The deep elf mage is moderately wounded.
The deep elf mage gestures at you while chanting.
The bolt of magma hits you!
You die...

#.#######
.e{{.|..###
#.#e## #..#@#
#.#### #.## #
####.##..#####
##
.............#
.
...#.###.###.##
# # #.# #..## #
#.###...## # #
#.##.....##


You could see a deep elf mage.

Vanquished Creatures
  Nergalle (D:11)
  Sonja (D:13)
  An unseen horror (D:13)
  A gargoyle (D:10)
  A centaur skeleton (D:14)
  2 trolls
  A two-headed ogre (D:9)
  A shadow (D:13)
  Eustachio (D:4)
  3 wyverns
  A vampire (D:11)
  A wraith (D:14)
  3 vampire mosquitoes (D:13)
  A hippogriff (D:7)
  A soldier ant (D:13)
  A water moccasin (D:7)
  Duvessa (D:6)
  4 orc warriors
  3 ice beasts
  2 black bears
  4 ogres
  2 necrophages
  4 phantoms
  2 centaurs
  4 big kobolds
  Blork the orc (D:4)
  11 giant frogs
  A gnoll sergeant (D:11)
  Dowan (D:6)
  3 scorpions
  3 wights (D:8)
  7 killer bees
  2 howler monkeys (D:7)
  7 crimson imps
  A giant frog zombie (D:11)
  A quasit (D:9)
  3 giant frog skeletons
  2 centaur zombies
  4 jellies
  3 orc priests
  5 hounds
  14 orc wizards
  5 iguanas
  Natasha (D:2)
  5 worker ants
  A hound zombie (D:5)
  A hound skeleton (D:10)
  A howler monkey zombie (D:5)
  A worker ant zombie (D:6)
  3 gnolls
  13 adders
  2 oozes
  5 worms
  An adder skeleton (D:8)
  2 dart slugs
  8 giant geckos
  35 orcs
  3 ball pythons
  2 bat zombies (D:1)
  4 giant cockroaches
  8 goblins
  12 hobgoblins
  19 jackals
  11 kobolds
  4 quokkas
  A ball python skeleton (D:4)
  5 bats
  5 giant newts
  2 quokka zombies
  6 rats
282 creatures vanquished.

Vanquished Creatures (others)
  2 plants (D:8)
2 creatures vanquished.

Grand Total: 284 creatures vanquished

Notes
Turn   | Place    | Note
-------+----------+-------------------------------------------
     0 | D:1      | Ladykiller69 the Formicid Fighter began the quest for the Orb.
     0 | D:1      | Reached XP level 1. HP: 18/18 MP: 1/1
   193 | D:1      | Reached XP level 2. HP: 22/24 MP: 2/2
   280 | D:1      | Reached XP level 3. HP: 29/29 MP: 3/3
   600 | D:1      | Reached skill level 3 in Axes
   858 | D:2      | Reached XP level 4. HP: 33/35 MP: 4/4
   960 | D:2      | Found an oddly glowing altar of Pakellas.
  1028 | D:2      | Noticed Natasha
  1038 | D:2      | Killed Natasha
  1038 | D:2      | Reached XP level 5. HP: 32/42 MP: 5/5
  1536 | D:3      | Found a sparkling altar of Nemelex Xobeh.
  1536 | D:3      | Found an opulent altar of Gozag.
  1809 | D:3      | Reached skill level 4 in Axes
  1930 | D:3      | Reached XP level 6. HP: 41/48 MP: 6/6
  2008 | D:4      | Noticed Eustachio
  2058 | D:4      | Killed Eustachio
  2072 | D:4      | Noticed a phantom
  2095 | D:4      | Got a vibrating lead ring
  2118 | D:4      | Killed a phantom
  2118 | D:4      | Reached XP level 7. HP: 49/55 MP: 7/7
  2162 | D:4      | Reached skill level 5 in Axes
  2162 | D:4      | Reached skill level 5 in Shields
  2487 | D:4      | Found Qoguis's Assorted Antiques.
  2619 | D:4      | Noticed Blork the orc
  2627 | D:4      | Killed Blork the orc
  2627 | D:4      | Reached skill level 5 in Armour
  2685 | D:4      | Found a glowing golden altar of the Shining One.
  2735 | D:4      | Found a deep blue altar of Sif Muna.
  2798 | D:4      | Reached skill level 5 in Fighting
  2836 | D:4      | Found Ciudirec's Book Boutique.
  3002 | D:5      | Entered Level 5 of the Dungeon
  3298 | D:5      | Reached skill level 6 in Axes
  3298 | D:5      | Reached XP level 8. HP: 30/62 MP: 8/8
  3556 | D:5      | Reached skill level 7 in Axes
  3859 | D:6      | Noticed Duvessa
  3859 | D:6      | Noticed Dowan
  3931 | D:5      | Reached skill level 8 in Axes
  3931 | D:5      | Reached XP level 9. HP: 40/68 MP: 9/9
  4220 | D:6      | Killed Duvessa
  4231 | D:6      | Killed Dowan
  4586 | D:6      | Reached skill level 9 in Axes
  4696 | D:6      | Found a staircase to the Ecumenical Temple.
  4701 | Temple   | Entered the Ecumenical Temple
  5007 | D:7      | Found a hazy altar of Hepliaklqana.
  5007 | D:7      | Found a shadowy altar of Dithmenos.
  5007 | D:7      | Found a radiant altar of Vehumet.
  5161 | D:7      | Found Daer's Assorted Antiques.
  5167 | D:7      | Bought a potion of might for 132 gold pieces
  5167 | D:7      | Bought a scroll labeled WOON OTINNEUQ for 33 gold pieces
  5418 | D:7      | Reached skill level 10 in Axes
  5467 | D:7      | Reached XP level 10. HP: 39/74 MP: 10/10
  5513 | D:7      | Found a stormy altar of Qazlal.
  6052 | D:8      | Reached skill level 11 in Axes
  6055 | D:8      | Noticed a komodo dragon
  6059 | D:8      | You fall through a shaft for 3 floors!
  6091 | D:10     | Entered Level 10 of the Dungeon
  6528 | D:10     | Noticed a hill giant
  6542 | D:10     | You fall through a shaft!
  6663 | D:9      | Found a bloodstained altar of Trog.
  7300 | D:9      | Reached skill level 12 in Axes
  7328 | D:9      | Found a hide-covered altar of Uskayaw.
  7660 | D:9      | Identified the ring "Cunolen" {rElec rPois MP+9 Str+6} (You found it on level 4 of the Dungeon)
  7887 | D:10     | Noticed a gargoyle
  7899 | D:10     | Killed a gargoyle
  7960 | D:11     | Noticed an eight-headed hydra
  7963 | D:11     | HP: 2/74 [eight-headed hydra (12)]
  7964 | D:11     | You fall through a shaft for 3 floors!
  8347 | D:14     | Reached XP level 11. HP: 63/79 MP: 11/11
  8354 | D:14     | Reached skill level 13 in Axes
  8595 | D:14     | Noticed a centaur warrior
  8615 | D:14     | You fall through a shaft!
  8615 | D:15     | Entered Level 15 of the Dungeon
  8615 | D:15     | Noticed a deep elf mage
  8639 | D:15     | Noticed Louise
  8639 | D:15     | Noticed a hill giant
  8703 | D:15     | Noticed a deep elf mage
  8704 | D:15     | Noticed a deep elf mage
  8705 | D:15     | Noticed a tengu warrior
  8742 | D:15     | Noticed a seven-headed hydra
  9038 | D:13     | Noticed Sonja
  9054 | D:13     | Killed Sonja
  9086 | D:13     | Noticed an unseen horror
  9101 | D:13     | Killed an unseen horror
  9101 | D:13     | Reached skill level 14 in Axes
  9144 | D:13     | Noticed a vault guard
  9145 | D:13     | Noticed a vault guard
  9177 | D:12     | Noticed a deep elf mage
  9704 | D:11     | Reached skill level 1 in Dodging
 10284 | D:11     | Noticed Nergalle
 10298 | D:11     | Killed Nergalle
 10600 | D:12     | Noticed JustSomeDude's ghost (journeyman DsFi)
 11064 | D:13     | Noticed a deep elf mage
 11074 | D:13     | Killed from afar by a deep elf mage

Vault maps used:
D:1:      saegor_arrival_fortress
D:2:      lemuel_tele_altar, uniq_natasha
D:3:      grunt_temple_overflow_opulence
D:4:      led_sif_book, first_bread, serial_shops, nicolae_shop_statue_plus,
          nicolae_shop_window_shopping, tso_altar, uniq_eustachio,
          uniq_crazy_yiuf_cottage, uniq_blork_the_orc
D:5:      kennysheep_generic_room_14
D:6:      uniq_duvessa
D:7:      gammafunk_temple_overflow_claw, grunt_qazlal_clouds,
          nicolae_ossuary_entry_false_entrances, serial_shops, shop
D:8:      david_lair_shrubbed
D:9:      kennysheep_mini_moat, lemuel_crystal_altar, trog_ov_bears_minmay
D:10:     serial_glass, glass_columns_b, glass_columns_a, blue_anna_alchemist
D:11:     erik_orc_2, uniq_psyche, uniq_nergalle
D:13:     lightli_vaults_fourway_checkpoint, uniq_sonja
D:14:     minmay_misc_feat_columns, hangedman_abyss_or_decor_stagger
D:15:     gammafunk_enter_depths_forms, special_room, uniq_louise, uniq_nessos
Temple:   cyrus_circular_temple

Skill      XL: |  1  2  3  4  5  6  7  8  9 10 11 |
---------------+----------------------------------+-----
Shields        | 4 5 7 8 9 |  9.0
Axes           | 3 4 6 8 10 12 14 | 14.3
Armour         | 4 5 6 |  6.0
Fighting       | 4 5 6 |  6.2
Dodging        | 2 |  2.7

Action                   |  1- 3 |  4- 6 |  7- 9 | 10-12 || total
-------------------------+-------+-------+-------+-------++-------
Melee: War axe           |    92 |   188 |   362 |   591 ||  1233
       Unarmed           |       |       |    13 |       ||    13
Throw: Tomahawk          |       |       |     2 |       ||     2
 Abil: Dig               |     1 |    10 |    22 |    28 ||    61
       Shaft Self        |       |       |       |     4 ||     4
  Use: Potion            |       |       |     2 |     3 ||     5
       Scroll            |       |       |     1 |     6 ||     7
  Eat: Chunk             |       |     5 |     8 |    18 ||    31
       Pizza             |       |       |     1 |       ||     1
       Beef jerky        |       |       |     2 |     1 ||     3
       Meat ration       |       |       |       |     1 ||     1
       Fruit             |       |       |       |     1 ||     1
Armor: Scale mail        |    33 |       |       |       ||    33
       Chain mail        |     4 |    68 |   127 |   178 ||   377
       Skin              |       |       |     1 |       ||     1
       Plate armour      |       |       |       |    75 ||    75
Dodge: Dodged            |    17 |    43 |    76 |   152 ||   288
Block: Shield            |    48 |    85 |   165 |   348 ||   646
